 Dungeon Crawl Stone Soup version 0.24-a0-292-g5c6fb1c (webtiles) character file.

Game seed: 17302812861232998203

195 tilp the Sneak (level 5, -1/24 HPs)
             Began as a Spriggan Enchanter on May 10, 2019.
             Slain by a centaur skeleton (5 damage)
             ... on level 4 of the Dungeon.
             The game lasted 00:11:13 (2921 turns).

tilp the Sneak (Spriggan Enchanter)                 Turns: 2921, Time: 00:11:14

Health: -1/24      AC:  2    Str:  4    XL:     5   Next: 45%
Magic:  9/10       EV: 18    Int: 17    God:
Gold:   145        SH:  0    Dex: 17    Spells: 0/9 levels left

rFire    . . .     SeeInvis +   a - +1 dagger
rCold    . . .     Gourm    .   (shield restricted)
rNeg     . . .     Faith    .   b - +0 robe
rPois    .         Spirit   .   m - +0 hat
rElec    .         Reflect  .   (no cloak)
rCorr    +         Harm     .   (gloves unavailable)
MR       .....                  (boots unavailable)
Stlth    ++++......             (no amulet)
HPRegen  0.08/turn              i - ring of resist corrosion
MPRegen  0.12/turn              (no ring)

@: very quick
A: very small, unfitting armour, see invisible, herbivore, speed 3, slow
metabolism 2
a: no special abilities


You were on level 4 of the Dungeon.
You were not hungry.

You visited 1 branch of the dungeon, and saw 4 of its levels.

You collected 145 gold pieces.

Inventory:

Hand Weapons
 a - a +1 dagger (weapon)
 p - a +0 rapier
Missiles
 f - 126 stones (quivered)
Armour
 b - a +0 robe (worn)
 m - a +0 hat (worn)
Jewellery
 i - a ring of resist corrosion (left hand)
Scrolls
 c - a scroll of magic mapping
 e - 4 scrolls of teleportation
 h - a scroll of fog {unknown}
 k - 8 scrolls of remove curse
Potions
 g - a potion of haste {unknown}
 j - 3 potions of heal wounds
 l - a potion of degeneration {unknown}
 n - 2 potions of ambrosia
Comestibles
 d - 2 rations


   Skills:
 + Level 4.2 Short Blades
 - Level 3.0 Dodging
 + Level 7.5 Stealth
 - Level 2.6 Spellcasting
 - Level 3.6 Hexes


You couldn't memorise any spells.
You knew the following spells:

 Your Spells              Type           Power        Failure   Level  Hunger
a - Corona                Hex            ##.....      4%          1    #......
b - Ensorcelled Hibernat  Hex/Ice        #.....       13%         2    ##.....
c - Confuse               Hex            ##......     12%         3    ###....
d - Tukima's Dance        Hex            ##......     12%         3    ###....

Your spell library contained the following spells:

 Spells                   Type           Power        Failure   Level  Hunger
 Dazzling Spray           Conj/Hex       #.....       26%         3    ###....


Dungeon Overview and Level Annotations

Branches:
Dungeon (4/15)
 Temple: D:4-7

Altars:
Hepliaklqana
Ru
Xom
The Shining One


Innate Abilities, Weirdness & Mutations

You are very small and have problems with some larger weapons.
You are too small for most types of armour.
You have supernaturally acute eyesight. (SInv)
You are a herbivore.
You cover ground extremely quickly.
You need to consume almost no food.


Message History

Aim: a centaur skeleton (heavily damaged, chance to defeat MR: 64%)
The centaur skeleton is outlined in light.
The centaur skeleton hits you!
You hit the centaur skeleton.
The centaur skeleton is heavily damaged.
The centaur skeleton misses you.
You hit the centaur skeleton.
The centaur skeleton is severely damaged.
The centaur skeleton barely misses you.
You hit the centaur skeleton.
The centaur skeleton is severely damaged.
The centaur skeleton misses you. The centaur skeleton hits you.
* * * LOW HITPOINT WARNING * * *
You hit the centaur skeleton.
The centaur skeleton is almost destroyed.
The centaur skeleton misses you.
You hit the centaur skeleton.
The centaur skeleton is almost destroyed.
The centaur skeleton hits you.
You die...

<.. ######)......#
. .#..........>.#
#.......S......#
##.............#
#.............#
#......Z#######
.........#########
####......##..>...#
#.....SZ@......#
#..###+###.....#
.... #...<.# #..
#.....# #.
_###.....#
.###.....# #.....#
#...### ....#


You could see an adder and a centaur skeleton.

Vanquished Creatures
  An orc priest (D:3)
  An orc wizard (D:4)
  3 gnolls (D:2)
  A howler monkey skeleton (D:4)
  An adder (D:3)
  3 worms
  A dart slug (D:1)
  15 orcs
  4 giant cockroaches
  7 goblins
  6 hobgoblins
  2 jackals (D:1)
  A ball python (D:2)
  4 bats
  2 frilled lizards
  6 kobolds
  7 rats
65 creatures vanquished.

Notes
Turn   | Place    | Note
-------+----------+-------------------------------------------
     0 | D:1      | tilp the Spriggan Enchanter began the quest for the Orb.
     0 | D:1      | Reached XP level 1. HP: 9/9 MP: 5/5
   186 | D:1      | Reached skill level 5 in Stealth
   186 | D:1      | Reached XP level 2. HP: 13/13 MP: 6/6
   192 | D:1      | Learned a level 2 spell: Ensorcelled Hibernation
  1108 | D:2      | Reached XP level 3. HP: 16/16 MP: 2/8
  1165 | D:2      | Found a glowing golden altar of the Shining One.
  1470 | D:2      | Reached skill level 6 in Stealth
  1515 | D:2      | Reached XP level 4. HP: 17/21 MP: 2/9
  1726 | D:2      | Learned a level 3 spell: Confuse
  2255 | D:3      | Found a shimmering altar of Xom.
  2255 | D:3      | Found a shimmering altar of Xom.
  2273 | D:3      | Found a sacrificial altar of Ru.
  2345 | D:3      | Reached skill level 7 in Stealth
  2346 | D:3      | Reached XP level 5. HP: 24/24 MP: 10/10
  2353 | D:3      | Learned a level 3 spell: Tukima's Dance
  2550 | D:3      | Found a shimmering altar of Xom.
  2830 | D:4      | Found a hazy altar of Hepliaklqana.
  2921 | D:4      | Slain by a centaur skeleton

Levels and vault maps discovered:
D:1:      minmay_arrival_split_and_join, layout_rooms
D:2:      layout_basic, tso_metal_star, minivault_24, grunt_ministairs_4
D:3:      layout_loops_ring, xom_redecorated, nicolae_ru_sacrificial_ziggurat,
          serial_glass, glass_columns_b, glass_columns_a
D:4:      layout_rooms, lemuel_doored_altar

Skill      XL: |  1  2  3  4  5 |
---------------+----------------+-----
Stealth        | 5 6 7 |  7.5
Short Blades   | 2 3 4 |  4.2
Dodging        | |  3.0
Spellcasting   | |  2.6
Hexes          | |  3.6

Action                   |  1- 3 |  4- 6 || total
-------------------------+-------+-------++-------
Melee: Dagger            |    60 |    98 ||   158
Throw: Stone             |       |     1 ||     1
 Cast: Corona            |     8 |     2 ||    10
       Ensorcelled Hiber |    19 |    19 ||    38
  Use: Scroll            |       |     9 ||     9
 Stab: Sleeping          |    25 |    23 ||    48
  Eat: Ration            |       |     1 ||     1
Armor: Robe              |     4 |     5 ||     9
Dodge: Dodged            |    31 |    50 ||    81

Table legend:
 A = Non-vault XP
 B = Vault XP
 C = Vault XP percentage of total XP
 D = Non-vault monster count
 E = Vault monster count
 F = Vault count percentage of total count
                 A         B        C        D         E       F
            +---------+---------+-------+---------+---------+-------
      Total |     277 |       2 |   0.7 |      63 |       2 |   3.1
            +---------+---------+-------+---------+---------+-------
        D:1 |      34 |       0 |   0.0 |      19 |       0 |   0.0
        D:2 |      70 |       2 |   2.8 |      18 |       2 |  10.0
        D:3 |      98 |       0 |   0.0 |      18 |       0 |   0.0
        D:4 |      75 |       0 |   0.0 |       8 |       0 |   0.0
            +---------+---------+-------+---------+---------+-------
